 Dungeon Crawl Stone Soup version 0.29.1-15-g9cfb28693d (webtiles) character file.

Game seed: 10809270168308305689

1431 croobank the Covert (level 8, -6/55 HPs)
             Began as an Octopode Delver on Feb 23, 2023.
             Was an Initiate of Gozag.
             Mangled by Prince Ribbit (9 damage)
             ... on level 7 of the Dungeon.
             The game lasted 00:17:43 (6498 turns).

croobank the Covert (Octopode Delver)               Turns: 6498, Time: 00:17:44

Health: -6/55      AC:  8    Str: 11    XL:     8   Next: 73%
Magic:  7/12       EV: 14    Int: 14    God:    Gozag
Gold:   1022       SH:  0    Dex: 14    Spells: 10/13 levels left

rFire   . . .      SeeInvis .   a - +0 hand axe (protect)
rCold   . . .      Faith    .   (no shield)
rNeg    . . .      Spirit   .   (helmet restricted)
rPois   .          Reflect  .   (no amulet)
rElec   .          Harm     .   h - ring of wizardry
rCorr   .          Rampage  .   (no ring)
Will    .....                   (no ring)
Stlth   +++++.....              (no ring)
HPRegen 0.18/turn               (no ring)
MPRegen 0.13/turn               (no ring)
                                (no ring)
                                (no ring)

@: wereblooded, under a protective aura
A: almost no armour, amphibious, 8 rings, camouflage 1, gelatinous body 1,
(nimble swimmer 1), tentacles
a: Renounce Religion, Potion Petition, Call Merchant, Bribe Branch


You were on level 7 of the Dungeon.
You worshipped Gozag.
Gozag was most pleased with you.
You visited 2 branches of the dungeon, and saw 8 of its levels.

You collected 1065 gold pieces.
You paid 43 gold pieces to Gozag.

Inventory:

Hand Weapons
 a - a +0 hand axe of protection (weapon)
 p - a +0 dagger of venom
 w - the +1 spear "Killer Klown's Doom" {freeze, Will+++ rCorr Str+2 Int-3}
   (You found it on level 2 of the Dungeon)

   It freezes those it strikes, dealing additional cold damage.
   It can also slow down cold-blooded creatures.
   Str:       It affects your strength (+2).
   Int:       It affects your intelligence (-3).
   rCorr:     It protects you from acid and corrosion.
   Will:      It greatly increases your willpower.
 y - a +0 whip of flaming
Missiles
 s - 2 javelins
 t - 11 poisoned darts (quivered)
 x - 5 curare-tipped darts
 E - 3 boomerangs
Magical Staves
 g - a staff of fire
Jewellery
 h - a ring of wizardry (left tentacle)
 B - an amulet of regeneration
Wands
 f - a wand of digging (3)
 n - a wand of charming (9)
 C - a wand of quicksilver (9)
Scrolls
 b - 3 scrolls of fog
 c - a scroll of magic mapping
 d - a scroll of fear
 i - 2 scrolls of torment {unknown}
 l - 3 scrolls of brand weapon
 m - 2 scrolls of identify
 o - 2 scrolls of enchant armour {unknown}
 q - 4 scrolls of teleportation {unknown}
 u - a scroll of poison {unknown}
 z - a scroll of noise {unknown}
 F - a scroll of enchant weapon {unknown}
Potions
 e - 3 potions of haste
 j - a potion of mutation
 k - 2 potions of curing
 r - a potion of degeneration {unknown}
 v - a potion of magic {unknown}
 A - a potion of heal wounds
 D - 2 potions of lignification {unknown}
 G - 2 potions of brilliance {unknown}


   Skills:
 + Level 5.0 Fighting
 + Level 4.5 Axes
 + Level 4.5 Dodging
 + Level 9.0 Stealth
 + Level 3.0 Spellcasting
 + Level 3.4 Hexes
 + Level 3.3 Transmutations


You had 10 spell levels left.
You knew the following spells:

 Your Spells              Type           Power      Damage    Failure   Level
a - Slow                  Hex            44%        N/A       2%          1
b - Wereblood             Tmut           11%        N/A       3%          2

Your spell library contained the following spells:

 Spells                   Type           Power      Damage    Failure   Level
 Ensorcelled Hibernation  Hex/Ice        12%        N/A       6%          2
 Confusing Touch          Hex            11%        N/A       6%          3
 Sublimation of Blood     Necr           2%         N/A       13%         2
 Spider Form              Tmut/Pois      6%         N/A       13%         3
 Vampiric Draining        Necr           2%         2d6       26%         3
 Anguish                  Hex/Necr       3%         N/A       38%         4
 Summon Hydra             Summ           1%         N/A       100%        7


Dungeon Overview and Level Annotations

Branches:
Dungeon (7/15)             Temple (1/1) D:4

Altars:
Ashenzari
Cheibriados
Dithmenos
Elyvilon
Fedhas
Gozag
Hepliaklqana
Kikubaaqudgha
Makhleb
Nemelex Xobeh
Okawaru
Qazlal
Ru
Sif Muna
Trog
Uskayaw
Vehumet
Wu Jian
Xom
Zin

Annotations:
D:7 Prince Ribbit


Innate Abilities, Weirdness & Mutations

You cannot wear most types of armour.
You are amphibious.
You can wear up to eight rings at the same time.
Your skin changes colour to match your surroundings (Stealth+).
Your rubbery body absorbs attacks. (AC +1, EV +1)
((You are camouflaged when in or above water. (Stealth+)))
You have tentacles for arms and can constrict up to eight enemies at once.


Message History

Press: ? - help, Shift-Dir - straight line, f - Prince Ribbit
Aim: Prince Ribbit (chance to affect: 32%) Prince Ribbit easily resists.
Casting: Slow (safe; 2% risk of failure)
Confirm with . or Enter, or press ? or * to list all spells.
Aiming: Slow (safe; 2% risk of failure)
Press: ? - help, Shift-Dir - straight line, f/p - Prince Ribbit
Aim: Prince Ribbit (chance to affect: 32%) Prince Ribbit easily resists.
Casting: Slow (safe; 2% risk of failure)
Confirm with . or Enter, or press ? or * to list all spells.
Aiming: Slow (safe; 2% risk of failure)
Press: ? - help, Shift-Dir - straight line, f/p - Prince Ribbit
Aim: Prince Ribbit (chance to affect: 32%) Prince Ribbit easily resists.
Prince Ribbit hits you.
Casting: Slow (safe; 2% risk of failure)
Confirm with . or Enter, or press ? or * to list all spells.
Aiming: Slow (safe; 2% risk of failure)
Press: ? - help, Shift-Dir - straight line, f/p - Prince Ribbit
Aim: Prince Ribbit (chance to affect: 32%) Prince Ribbit easily resists.
Prince Ribbit hits you!
Casting: Slow (safe; 2% risk of failure)
Confirm with . or Enter, or press ? or * to list all spells.
Your blood is infused with primal strength.
Prince Ribbit blinks!
Unknown command.
You miss Prince Ribbit. Your grab misses Prince Ribbit. Prince Ribbit hits you!
You hit Prince Ribbit.
Your weapon exudes an aura of protection.
Your grab misses Prince Ribbit.
Prince Ribbit is lightly wounded.
Prince Ribbit hits you!
* * * LOW HITPOINT WARNING * * *
Prince Ribbit hits you!
* * * LOW HITPOINT WARNING * * *
As you read the scroll of fear, it crumbles to dust.
You assume a fearsome visage.
Prince Ribbit resists with some effort.
Prince Ribbit hits you!
You die...
Your body crumbles into a pile of gold.

~~≈~..#...#..#.
.~~...#.. .....
.......<.......
...............
........#......
...............
...............
......F@.......
............##.
..........~~~..
##.....~~...~#~
#......~.~~♣#
#......~~~...
#.....~≈..?~~♣
#.....≈.♣.~~♣.


You could see Prince Ribbit.

Vanquished Creatures
  2 water moccasins (D:5)
  2 black bears
  2 ogres (D:6)
  3 centaurs
  2 phantoms
  A necrophage (D:4)
  A scorpion (D:6)
  2 orc priests
  3 iguanas
  2 orc wizards
  A gnoll (D:5)
  4 adders
  3 ufetubi
  2 worms (D:3)
  2 dart slugs (D:1)
  23 orcs
  A bat (D:2)
  5 endoplasms
  3 giant cockroaches
  17 goblins
  4 hobgoblins
  8 jackals
  6 kobolds
  6 quokkas
  5 ball pythons
  4 frilled lizards
  3 rats
117 creatures vanquished.

Vanquished Creatures (others)
  3 plants (D:5)
  2 withered plants (D:5)
5 creatures vanquished.

Grand Total: 122 creatures vanquished

Notes
Turn   | Place    | Note
-------+----------+-------------------------------------------
     0 | D:5      | croobank the Octopode Delver began the quest for the Orb.
     0 | D:5      | Reached XP level 1. HP: 16/16 MP: 1/1
   130 | D:5      | Noticed a centaur
   173 | D:5      | Reached XP level 2. HP: 7/21 MP: 2/2
   577 | D:4      | Found an opulent altar of Gozag.
   643 | D:4      | Found a staircase to the Ecumenical Temple.
   659 | Temple   | Entered the Ecumenical Temple
   830 | D:4      | Became a worshipper of Gozag Ym Sagoz the Greedy
   870 | D:4      | Reached XP level 3. HP: 26/26 MP: 3/3
   903 | D:3      | Reached skill level 7 in Stealth
  1991 | D:1      | Reached XP level 4. HP: 27/31 MP: 4/4
  2533 | D:2      | Learned a level 1 spell: Slow
  2672 | D:2      | Identified the +1 spear "Killer Klown's Doom" {freeze,
                  | Will+++ rCorr Str+2 Int-3}
  2925 | D:2      | Learned a level 2 spell: Wereblood
  3150 | D:2      | Found a faded altar of an unknown god.
  3324 | D:3      | Reached XP level 5. HP: 21/37 MP: 3/5
  3468 | D:3      | Found a radiant altar of Vehumet.
  3468 | D:3      | Found an ornate altar of the Wu Jian Council.
  3476 | D:3      | Found a shimmering blue altar of Sif Muna.
  3478 | D:3      | Found a faded altar of an unknown god.
  3480 | D:3      | Found a faded altar of an unknown god.
  3833 | D:4      | Reached skill level 1 in Hexes
  3886 | D:4      | Noticed a phantom
  3898 | D:4      | Killed a phantom
  3899 | D:4      | Reached skill level 1 in Spellcasting
  3899 | D:4      | Reached skill level 1 in Transmutations
  3899 | D:4      | Reached XP level 6. HP: 38/43 MP: 7/7
  3960 | D:4      | Noticed a black bear
  4041 | D:5      | Noticed a water moccasin
  4390 | D:4      | Reached skill level 8 in Stealth
  4390 | D:4      | Reached XP level 7. HP: 47/48 MP: 7/9
  4750 | D:5      | Reached XP level 8. HP: 30/54 MP: 9/11
  4919 | D:5      | Found a blossoming altar of Fedhas.
  4920 | D:5      | Found an ancient bone altar of Kikubaaqudgha.
  5616 | D:6      | Found a white marble altar of Elyvilon.
  6152 | D:6      | Identified the +0 ring mail "Caomuhu" {-Cast Regen+ Dex+4}
  6239 | D:6      | Reached skill level 5 in Fighting
  6250 | D:6      | Reached skill level 9 in Stealth
  6490 | D:7      | Noticed Prince Ribbit
  6498 | D:7      | Mangled by Prince Ribbit

Illustrated notes

Levels and vault maps discovered:
D:1:      dpeg_arrival_stone_temple_mockup, layout_rooms
D:2:      layout_basic, shapermc_ecumenical_altar_flowoftime
D:3:      layout_basic, chequers_temple_overflow_minitemple,
          minmay_goblin_outpost
D:4:      layout_cave_pools, nicolae_gozag_cash_rules_everything_around_me,
          minmay_temple_entry_trees
D:5:      layout_loops_ring, grunt_temple_overflow_growth_and_decay
D:6:      layout_basic, nicolae_elyvilon_peaceful_grove
D:7:      layout_basic, nicolae_tso_besieged_by_evil, enter_bailey_2,
          serial_rivers, chequers_serial_rivers_marsh,
          chequers_serial_rivers_large_a, chequers_serial_rivers_room_a,
          chequers_serial_rivers_room_a, chequers_serial_rivers_marsh,
          chequers_serial_rivers_small_b, uniq_prince_ribbit1
Temple:   nicolae_temple_bog_church

Skill      XL: |  1  2  3  4  5  6  7  8 |
---------------+-------------------------+-----
Stealth        | 7 8 9 |  9.0
Dodging        | 3 4 |  4.5
Hexes          | 1 2 3 |  3.4
Axes           | 3 4 |  4.5
Spellcasting   | 1 2 3 |  3.0
Transmutations | 1 2 3 |  3.3
Fighting       | 4 5 |  5.0

Action                   |  1- 3 |  4- 6 |  7- 9 || total
-------------------------+-------+-------+-------++-------
Melee: Hand axe          |    66 |   113 |   120 ||   299
       Punch             |     2 |       |     5 ||     7
       Constrict         |    13 |    20 |    25 ||    58
       Tentacles         |     9 |    25 |    33 ||    67
Throw: Javelin           |       |     3 |     2 ||     5
       Dart              |       |       |     3 ||     3
 Cast: Wereblood         |       |     6 |     4 ||    10
       Slow              |       |     1 |    38 ||    39
  Use: Scroll            |       |     6 |     2 ||     8
       Potion            |       |     4 |       ||     4
 Stab: Sleeping          |     5 |    12 |     2 ||    19
       Distracted        |       |       |     1 ||     1
Armor: Skin              |     3 |    34 |    23 ||    60
Dodge: Dodged            |    35 |    87 |    94 ||   216
